Map: New Repugnancy LE

Players

Namshar - Winner!

  • Race: Zerg Zerg
  • Spawn Location: 1:00

Nerchio

  • Race: Zerg Zerg
  • Spawn Location: 7:00

Event: 2019 WCS Spring

VOD

Have the link to the VOD?

Description

Time

  • Played on: May 17, 2019, 3:11 p.m.
  • Length: 27:21

All games in this series

Show
View Real Time Build Order
Export as new Build Order

Namshar Zerg - Winner!

Build Orders: Hatch First, Lurkers, Zergling Baneling 

Get SALT Encoding   

  12  0:00  Drone  
  13  0:12  Overlord  
  13  0:17  Drone  
  14  0:30  Drone x2  
  16  0:45  Drone  
  17  0:51  Hatchery  
  17  0:55  Drone  
  17  0:58  Drone  
  18  1:09  Extractor  
  17  1:13  Spawning Pool  
  17  1:16  Drone  
  17  1:19  Drone  
  18  1:28  Drone  
  19  1:39  Drone  
  20  1:50  Overlord  
  20  1:59  Queen  
  22  2:02  Queen  
  22  2:03  Zergling x4  
  26  2:08  Metabolic Boost  
  26  2:13  Drone  
  26  2:14  Drone  
  28  2:22  Drone  
  29  2:25  Drone  
  30  2:34  Drone  
  30  2:35  Drone  
  32  2:41  Hatchery  
  31  2:46  Drone  
  31  2:48  Baneling Nest  
  31  2:54  Overlord  
  31  2:58  Drone  
  32  3:09  Zergling x2  
  32  3:10  Zergling x4  
  36  3:13  Zergling x6  
  36  3:19  Zergling x6  
  42  3:22  Hatchery  
  42  3:25  Zergling x4  
  43  3:31  Baneling x2  
  43  3:45  Drone  
  43  3:46  Overlord  
  43  3:47  Overlord  
  44  3:49  Evolution Chamber  
  44  3:50  Baneling  
  44  3:51  Baneling x3  
  43  3:57  Drone x3  
  43  4:02  Drone x2  
  44  4:12  Drone x2  
  45  4:21  Drone x6  
  49  4:27  Zergling x2  
  49  4:28  Zerg Missile Weapons Level 1  
  49  4:30  Roach Warren  
  49  4:32  Extractor, Zergling x2  
  48  4:41  Baneling x2  
  48  4:43  Queen  
  50  4:46  Zergling x4  
  50  4:47  Baneling  
  50  4:50  Drone x2  
  50  4:52  Extractor  
  50  5:00  Baneling  
  50  5:01  Zergling x12  
  54  5:08  Zergling x2  
  54  5:10  Zergling x2  
  54  5:11  Zergling x2  
  54  5:12  Baneling x2  
  57  5:16  Drone  
  57  5:17  Overlord x3  
  58  5:33  Overlord  
  58  5:36  Roach x5  
  58  5:39  Baneling x2  
  66  5:43  Roach, Zergling x4  
  66  5:48  Queen  
  66  5:51  Roach  
  66  5:54  Roach, Zergling x2  
  68  6:02  Roach, Zergling x4  
  66  6:06  Roach  
  64  6:11  Roach  
  64  6:15  Baneling  
  64  6:17  Ravager  
  65  6:22  Roach, Zergling x6  
  65  6:23  Zergling x2  
  69  6:27  Drone x2  
  69  6:28  Drone  
  70  6:37  Drone  
  70  6:38  Drone  
  70  6:39  Lair  
  72  6:44  Drone x3  
  73  6:51  Queen  
  75  6:56  Drone x2  
  75  6:59  Baneling  
  77  7:03  Ravager  
  77  7:04  Overlord  
  77  7:05  Drone x5  
  77  7:06  Drone  
  82  7:11  Drone x3  
  85  7:23  Drone, Zerg Ground Armor Level 1  
  85  7:24  Queen  
  85  7:25  Evolution Chamber  
  85  7:26  Overlord  
  85  7:29  Drone  
  88  7:31  Overlord  
  88  7:32  Drone  
  88  7:33  Extractor  
  88  7:40  Roach  
  88  7:41  Roach x3  
  96  7:44  Roach x2  
  96  7:50  Drone  
  96  7:51  Glial Reconstitution  
  99  7:56  Extractor x2  
  97  8:01  Drone  
  97  8:02  Drone x2  
  97  8:04  Overlord, Drone x2  
  102  8:06  Zerg Missile Weapons Level 2  
  102  8:08  Drone x2  
  102  8:10  Roach  
  102  8:11  Roach x3  
  111  8:15  Overlord x2  
  111  8:22  Drone  
  112  8:29  Pneumatized Carapace  
  112  8:30  Ravager x2  
  112  8:33  Overlord  
  112  8:34  Overlord  
  113  8:37  Hatchery  
  113  8:39  Roach x3  
  118  8:42  Ravager  
  118  8:45  Roach  
  118  8:46  Roach x2  
  125  8:50  Overseer  
  125  9:00  Ravager  
  126  9:07  Overlord x2, Roach  
  126  9:08  Roach x6  
  140  9:14  Roach x4  
  140  9:16  Ravager  
  149  9:19  Overlord  
  149  9:23  Drone  
  150  9:24  Roach, Hydralisk Den  
  151  9:33  Roach x5  
  151  9:37  Drone  
  151  9:38  Drone x3  
  165  9:50  Roach x6  
  168  10:01  Roach x5  
  168  10:04  Muscular Augments  
  168  10:06  Overlord  
  178  10:27  Ravager  
  179  10:31  Hydralisk  
  179  10:32  Hydralisk  
  179  10:33  Overlord x3  
  183  10:39  Spore Crawler  
  183  10:40  Spore Crawler x2  
  183  10:41  Spore Crawler  
  179  10:43  Tunneling Claws, Burrow  
  179  10:44  Overlord  
  179  10:46  Lurker Den  
  178  10:51  Queen  
  178  10:52  Drone x2  
  178  10:53  Drone  
  178  10:54  Drone  
  184  10:59  Hydralisk x3  
  190  11:04  Hydralisk x2  
  190  11:05  Hydralisk  
  190  11:07  Ravager  
  197  11:15  Extractor  
  197  11:16  Infestation Pit, Grooved Spines  
  197  11:17  Drone  
  197  11:18  Drone  
  197  11:20  Ravager x2  
  197  11:25  Zerg Ground Armor Level 2  
  199  11:36  Hatchery  
  190  11:49  Spine Crawler  
  189  11:58  Overlord  
  189  11:59  Overlord x3  
  189  12:00  Hive  
  189  12:06  Overlord x2  
  189  12:11  Roach x4  
  189  12:18  Lurker x2  
  181  12:25  Lurker x6  
  185  12:31  Roach  
  177  12:40  Spine Crawler  
  177  12:41  Drone  
  177  12:42  Spine Crawler x2  
  167  12:59  Hydralisk  
  167  13:00  Hydralisk x15  
  167  13:01  Roach x3  
  199  13:09  Roach x3  
  199  13:24  Adaptive Talons, Zerg Missile Weapons Level 3  
  181  13:44  Drone x4  
  185  13:50  Extractor  
  185  13:53  Spine Crawler  
  185  13:54  Spore Crawler, Extractor, Spine Crawler  
  180  13:55  Spine Crawler  
  180  13:56  Viper x3, Spine Crawler  
  180  13:57  Roach x13  
  180  14:01  Hydralisk  
  180  14:02  Roach x5  
  197  14:23  Hydralisk x2  
  188  14:27  Roach x4, Overlord x2  
  188  14:28  Overlord  
  191  14:38  Lurker  
  191  14:45  Roach x4  
  187  14:51  Hatchery  
  184  14:56  Lurker x3  
  184  14:57  Lurker x2  
  184  14:59  Zerg Ground Armor Level 3  
  177  15:13  Overlord x2  
  177  15:14  Hydralisk x2  
  177  15:15  Hydralisk  
  183  15:27  Overlord x5  
  183  15:28  Overlord x2  
  183  15:29  Overseer  
  183  15:30  Overseer x3  
  183  15:32  Overseer  
  148  16:05  Hydralisk x6  
  148  16:06  Hydralisk x11  
  148  16:10  Hydralisk  
  169  16:15  Overseer x3  
  166  16:25  Roach x3  
  154  16:34  Drone x9  
  142  16:40  Hydralisk  
  142  16:41  Roach  
  136  16:54  Lurker x3  
  136  16:55  Lurker x2  
  136  16:56  Lurker  
  140  17:06  Hydralisk x4  
  149  17:08  Lurker  
  149  17:17  Drone  
  149  17:18  Drone x2  
  149  17:19  Hydralisk, Drone x3  
  158  17:22  Lurker  
  158  17:25  Drone  
  158  17:29  Hydralisk x2  
  159  17:33  Viper  
  166  17:41  Spore Crawler x2  
  164  17:44  Hydralisk x3  
  170  17:55  Roach x4  
  170  18:07  Viper x2  
  170  18:09  Hydralisk x2  
  170  18:10  Hydralisk x2  
  184  18:18  Hydralisk  
  184  18:19  Roach x5  
  188  18:31  Hydralisk  
  188  18:32  Hydralisk x2  
  194  18:38  Extractor  
  175  19:05  Viper  
  175  19:06  Viper  
  175  19:09  Lurker x2  
  177  19:10  Hydralisk  
  177  19:11  Roach x9  
  197  19:18  Overseer  
  197  19:19  Overseer  
  197  19:28  Spore Crawler  
  197  19:29  Spine Crawler x3  
  193  19:38  Spine Crawler  
  193  19:40  Spore Crawler, Spine Crawler  
  193  19:44  Hydralisk x3  
  196  20:02  Hatchery  
  183  20:19  Roach x3  
  183  20:20  Roach x3, Viper x3  
  183  20:21  Viper x3  
  187  20:30  Roach x5  
  187  20:31  Lurker x2  
  187  20:33  Roach  
  187  20:34  Roach  
  186  20:37  Roach  
  186  20:38  Hydralisk x2  
  186  20:40  Lurker  
  181  20:54  Lurker x2  
  181  20:56  Hydralisk  
  181  20:57  Hydralisk x3  
  179  21:03  Hydralisk x3  
  179  21:04  Hydralisk x3  
  183  21:08  Hatchery  
  188  21:23  Hydralisk x5  
  172  21:46  Viper  
  172  21:47  Viper  
  172  21:50  Hydralisk x2, Overlord x3  
  172  21:51  Hydralisk x2  
  186  22:00  Hatchery  
  173  22:18  Hydralisk  
  173  22:19  Hydralisk x8  
  173  22:21  Roach  
  173  22:22  Roach  
  157  22:23  Roach x3  
  161  22:34  Roach x5  
  161  22:36  Extractor  
  168  22:44  Hydralisk x2  
  168  22:46  Roach  
  168  22:49  Roach x8  
  174  23:00  Roach x6  
  174  23:03  Hatchery  
  185  23:09  Roach x4  
  189  23:18  Hydralisk  
  189  23:19  Roach x2  
  181  23:23  Roach  
  181  23:24  Roach  
  170  23:36  Overseer  
  170  23:37  Overseer x2  
  164  23:46  Roach x3  
  170  23:54  Roach x2, Hatchery  
  173  24:00  Hatchery  
  173  24:02  Hatchery  
  171  24:05  Roach x2  
  171  24:07  Drone  
  171  24:08  Drone x4  
  168  24:27  Hydralisk  
  168  24:28  Roach x2  
  168  24:29  Roach x2  
  151  24:34  Roach  
  147  24:43  Roach x3  
  138  24:54  Roach x2  
  142  25:02  Drone  
  142  25:03  Drone x3  
  146  25:07  Lurker  
  146  25:13  Extractor  
  146  25:15  Extractor  
  145  25:26  Hydralisk x2  
  145  25:27  Roach x3  
  140  25:51  Roach x9  
  140  25:56  Overlord x2  
  155  25:57  Roach x2  
  159  26:06  Roach x12  
  159  26:08  Roach  
  159  26:09  Roach x3  
  167  26:14  Spore Crawler  
  167  26:15  Spine Crawler  
  163  26:33  Hydralisk  
  163  26:34  Roach x10  
  179  26:53  Hydralisk  
  179  26:54  Roach x11  
  179  26:58  Roach x2  
Show
View Real Time Build Order
Export as new Build Order

Nerchio Zerg 

Build Orders: Hatch First 

Get SALT Encoding   

  12  0:00  Drone  
  13  0:12  Overlord  
  13  0:17  Drone  
  14  0:30  Drone x2  
  16  0:48  Hatchery  
  15  0:51  Drone  
  15  0:55  Drone  
  17  0:59  Drone  
  18  1:06  Extractor  
  17  1:15  Spawning Pool  
  17  1:18  Drone  
  17  1:21  Drone  
  18  1:28  Drone  
  19  1:38  Drone  
  20  1:49  Overlord  
  20  2:02  Queen x2  
  20  2:03  Zergling x4  
  20  2:07  Metabolic Boost  
  26  2:11  Drone  
  26  2:14  Drone  
  28  2:21  Drone  
  28  2:22  Drone  
  30  2:32  Zergling x2  
  30  2:33  Zergling x2  
  32  2:42  Hatchery  
  31  2:49  Zergling x2  
  32  2:56  Baneling Nest  
  32  2:57  Overlord  
  31  2:58  Drone  
  31  2:59  Drone  
  31  3:04  Drone  
  34  3:06  Drone  
  35  3:13  Zergling x2  
  35  3:17  Drone x4  
  40  3:24  Queen  
  40  3:25  Zergling x2  
  43  3:30  Zergling x2  
  44  3:38  Overlord  
  44  3:39  Baneling  
  44  3:42  Baneling  
  44  3:44  Overlord  
  44  3:55  Zergling x12  
  50  4:01  Baneling  
  50  4:02  Queen  
  48  4:05  Baneling, Queen  
  48  4:08  Zergling x6  
  54  4:12  Zergling x2  
  54  4:15  Zergling x4  
  53  4:17  Zergling x2  
  53  4:21  Zergling x2  
  54  4:31  Baneling  
  54  4:35  Zergling x2  
  54  4:36  Zergling x8  
  57  4:40  Drone  
  57  4:45  Hatchery  
  57  4:46  Drone  
  57  4:48  Drone  
  59  4:57  Drone  
  58  5:00  Drone  
  56  5:07  Drone  
  56  5:12  Baneling x4  
  56  5:13  Roach Warren, Drone x3  
  56  5:14  Drone  
  59  5:15  Evolution Chamber  
  59  5:16  Zergling x2  
  59  5:21  Overlord  
  59  5:25  Zergling x2  
  59  5:26  Baneling x4  
  59  5:30  Overlord  
  58  5:42  Zergling x2  
  58  5:43  Zergling x6  
  59  5:54  Drone x2  
  59  5:57  Drone  
  61  6:00  Zergling x6  
  61  6:07  Queen  
  61  6:09  Roach, Extractor x2  
  61  6:10  Roach, Extractor  
  58  6:17  Roach x2  
  60  6:30  Queen  
  60  6:31  Drone x3  
  60  6:32  Roach x2  
  63  6:42  Roach x4  
  63  6:44  Roach, Queen  
  75  6:48  Queen  
  75  6:50  Roach x2  
  75  6:53  Overlord  
  81  6:55  Overlord  
  81  6:59  Zerg Missile Weapons Level 1  
  81  7:12  Drone x7  
  81  7:14  Drone  
  89  7:16  Drone  
  89  7:17  Drone  
  89  7:19  Drone  
  87  7:27  Lair, Drone  
  87  7:28  Drone  
  89  7:31  Extractor, Drone  
  89  7:33  Drone  
  89  7:35  Drone  
  92  7:37  Drone  
  92  7:41  Drone x3  
  92  7:42  Drone  
  96  7:46  Overlord  
  96  7:48  Overlord  
  96  7:52  Overlord  
  96  7:53  Overlord  
  96  8:00  Overlord  
  96  8:01  Overlord  
  96  8:07  Roach x4  
  96  8:08  Roach  
  96  8:11  Roach  
  96  8:12  Roach  
  110  8:20  Extractor  
  110  8:21  Roach  
  110  8:22  Roach x4  
  110  8:25  Glial Reconstitution  
  119  8:27  Overlord  
  119  8:28  Roach  
  121  8:41  Roach  
  121  8:42  Ravager, Roach x2  
  121  8:43  Ravager x2, Hatchery  
  121  8:44  Ravager  
  121  8:46  Overlord  
  121  8:48  Overlord  
  130  8:56  Spire  
  130  9:01  Roach x4  
  137  9:05  Overlord  
  137  9:12  Roach x4  
  137  9:14  Overlord  
  145  9:17  Zerg Missile Weapons Level 2  
  145  9:24  Roach  
  145  9:25  Roach x3  
  145  9:28  Overlord  
  145  9:29  Overlord  
  153  9:32  Overlord  
  151  9:50  Roach x8  
  161  9:56  Hydralisk Den  
  160  10:04  Roach x6  
  172  10:09  Roach x2  
  172  10:12  Overlord  
  172  10:14  Roach  
  178  10:18  Ravager x2  
  178  10:19  Ravager  
  178  10:20  Ravager  
  182  10:21  Ravager  
  183  10:31  Overlord  
  183  10:32  Overlord  
  183  10:42  Grooved Spines  
  183  10:47  Overseer  
  183  10:50  Hydralisk  
  183  10:51  Hydralisk x6  
  183  10:53  Hydralisk  
  199  11:03  Overlord x2  
  199  11:18  Overseer  
  199  11:19  Overseer  
  199  11:33  Zerg Ground Armor Level 1  
  195  11:41  Extractor  
  194  11:54  Muscular Augments  
  194  11:57  Overlord  
  194  12:00  Infestation Pit, Overlord x2  
  193  12:01  Overlord  
  193  12:08  Overseer  
  193  12:10  Overseer  
  183  12:25  Drone x19  
  183  12:28  Drone  
  183  12:29  Drone  
  198  12:38  Hive  
  198  12:55  Spore Crawler, Spine Crawler  
  198  12:56  Hatchery  
  194  13:02  Lurker Den  
  193  13:08  Overseer  
  193  13:11  Pneumatized Carapace  
  193  13:22  Evolution Chamber  
  193  13:23  Drone x10  
  198  13:31  Drone  
  198  13:32  Drone x4  
  198  13:46  Nydus Network  
  172  14:31  Viper x2  
  172  14:32  Viper x2  
  172  14:33  Viper x2  
  172  14:37  Drone x5  
  172  14:38  Drone x3  
  193  14:39  Drone x2  
  193  14:45  Overseer x2  
  195  14:52  Adaptive Talons  
  190  14:58  Drone  
  190  14:59  Drone x3  
  189  15:01  Zerg Missile Weapons Level 3  
  189  15:06  Drone x6  
  195  15:09  Zerg Ground Armor Level 2  
  195  15:10  Hydralisk  
  195  15:11  Hydralisk  
  199  15:20  Spine Crawler  
  199  15:21  Spine Crawler  
  197  15:23  Spore Crawler  
  197  15:26  Extractor  
  197  15:28  Overseer x2  
  195  15:30  Extractor  
  194  15:42  Hydralisk x2  
  196  15:43  Hydralisk  
  191  15:52  Hydralisk x5  
  182  16:07  Hydralisk x14  
  175  16:20  Hydralisk  
  175  16:21  Hydralisk x4  
  170  16:27  Hydralisk  
  170  16:29  Hydralisk  
  170  16:32  Hydralisk  
  165  16:35  Hydralisk  
  146  16:40  Hydralisk  
  146  16:41  Hydralisk x3  
  154  16:53  Hydralisk x4  
  156  17:00  Hatchery  
  161  17:06  Overseer  
  161  17:11  Viper x3  
  170  17:16  Hydralisk x5  
  180  17:26  Lurker x6  
  186  17:35  Overlord x2  
  186  17:50  Overseer  
  186  17:54  Roach x7  
  200  18:03  Zerg Ground Armor Level 3  
  200  18:06  Overseer  
  200  18:07  Overseer  
  195  18:34  Drone x5  
  200  18:55  Viper x5  
  168  19:05  Overseer  
  168  19:06  Hydralisk x9  
  168  19:16  Drone x10  
  178  19:25  Overseer  
  178  19:29  Hydralisk  
  178  19:30  Hydralisk x3  
  178  19:31  Extractor  
  185  19:33  Hydralisk  
  185  19:35  Hydralisk, Extractor  
  188  19:55  Extractor  
  188  19:56  Roach  
  188  19:57  Roach x5  
  199  20:19  Viper x2  
  197  20:32  Hydralisk  
  195  20:54  Hydralisk x3  
  200  21:01  Spine Crawler x2  
  200  21:03  Spore Crawler, Hatchery  
  182  21:46  Lurker x8  
  182  21:47  Lurker x3  
  179  21:54  Overlord x2  
  179  21:56  Roach x9  
  179  21:57  Overlord  
  165  22:24  Hydralisk  
  165  22:25  Hydralisk x9  
  185  22:35  Overlord  
  182  22:55  Drone x3  
  182  22:57  Burrow  
  182  22:58  Spine Crawler  
  184  22:59  Drone, Spine Crawler  
  184  23:00  Drone  
  184  23:01  Spore Crawler  
  184  23:02  Spine Crawler x2  
  184  23:03  Hydralisk x9  
  200  23:16  Spine Crawler  
  200  23:17  Spine Crawler  
  200  23:18  Spore Crawler  
  164  23:41  Viper x2  
  164  23:42  Viper  
  163  23:52  Hydralisk x4  
  171  23:58  Extractor, Drone x3  
  171  23:59  Drone x3  
  171  24:01  Overseer  
  176  24:10  Spine Crawler  
  176  24:13  Spine Crawler  
  176  24:16  Extractor, Spine Crawler  
  155  24:26  Hydralisk  
  155  24:27  Hydralisk x4  
  142  24:37  Overseer x5  
  127  24:42  Roach  
  122  24:50  Roach  
  120  24:54  Roach  
  120  24:55  Roach  
  120  24:59  Roach x2  
  128  25:02  Lurker  
  128  25:05  Overseer  
  129  25:13  Drone x3  
  132  25:17  Drone  
  132  25:18  Drone  
  131  25:43  Hydralisk x4  
  131  25:49  Overlord x3  
  139  25:50  Overlord  
  139  25:54  Overseer  
  139  25:57  Overlord  
  139  26:12  Overseer  
  139  26:18  Hatchery  
  139  26:20  Overseer x2  
  135  26:33  Lurker x2  
  128  27:11  Hatchery  
Tags
 
Add a new tag
Caveats
  • Supply blocks, unpowered buildings, or Contaminate may cause inaccurate times.
  • Supply counts are checked every 10 seconds.